 Dungeon Crawl Stone Soup version 0.31.0-12-g77e489cdc1 (webtiles) character file.

Game seed: 9846976704762774351

32 HoriaBersec the Conjurer (level 3, -32/21 HPs)
             Began as an Octopode Conjurer on Mar 6, 2024.
             Killed by an exploding ball python (53 damage)
             ... ignited by their inner flame
             ... on level 2 of the Dungeon.
             The game lasted 00:02:57 (1440 turns).

HoriaBersec the Conjurer (Octopode Conjurer)        Turns: 1440, Time: 00:02:58

Health: -32/21     AC:  1    Str:  6    XL:     3   Next: 25%
Magic:  6/6        EV: 13    Int: 22    God:
Gold:   108        SH:  0    Dex: 10    Spells: 3/6 levels left

rFire   . . .        (no weapon)
rCold   . . .        (no shield)
rNeg    . . .        (helmet restricted)
rPois   .            (no amulet)
rElec   .            (no ring)
rCorr   .            (no ring)
SInv    .            (no ring)
Will    .....        (no ring)
Stlth   ++++         (no ring)
HPRegen 0.23/turn    (no ring)
MPRegen 0.10/turn    (no ring)
                     (no ring)

%: no passive effects
@: no status effects
A: almost no armour, amphibious, 8 rings, camouflage 1, gelatinous body 1,
nimble swimmer 1, tentacles
a: no special abilities


You were on level 2 of the Dungeon.
You visited 1 branch of the dungeon, and saw 2 of its levels.

You collected 108 gold pieces.

Inventory:

Scrolls
 d - a scroll of fog
Potions
 a - a potion of magic


   Skills:
 - Level 2.0 Dodging
 + Level 2.9 Stealth
 - Level 0.4 Unarmed Combat
 * Level 2.4 Spellcasting
 + Level 4.6 Conjurations


You had 3 spell levels left.
You knew the following spells:

 Your Spells              Type           Power      Damage    Failure   Level
a - Magic Dart            Conj           88%        1d7       1%          1
b - Searing Ray           Conj           44%        2d6       3%          2

Your spell library contained the following spells:

 Spells                   Type           Power      Damage    Failure   Level
 Fulminant Prism          Conj/Alch      6%         3d7       45%         4
 Iskenderun's Mystic Bla  Conj/Tloc      12%        2d5       45%         4


Dungeon Overview and Level Annotations

Branches:
Dungeon (2/15)

Altars:


Innate Abilities, Weirdness & Mutations

You cannot wear most types of armour.
You are amphibious.
You can wear up to eight rings at the same time.
Your skin changes colour to match your surroundings (Stealth+).
Your rubbery body absorbs attacks. (AC +1, EV +1)
You are camouflaged when in or above water. (Stealth+)
You have tentacles for arms and can constrict up to eight enemies at once.


Message History

Press: ? - help, Q - select action, (/) - cycle Shift-Dir - straight line, f - you
Okay, then.
A ball python is nearby!
A ball python is nearby!
You tentacle-slap the plant but do no damage.
You grab the plant. You constrict the plant.
The plant begins to die.
The ball python loses its grip on the plant.
You tentacle-slap the plant.
The plant is lightly damaged.
You constrict the plant.
A nearby plant withers and dies.
The ball python bites the plant.
The plant begins to die.
The ball python grabs the plant.
The ball python constricts the plant.
You tentacle-slap the plant. You squeeze the plant.
The plant is lightly damaged.
You constrict the plant.
The ball python bites the plant.
The ball python constricts the plant.
The ball python bites the plant.
The ball python constricts the plant.
You tentacle-slap the plant. You squeeze the plant!
The plant is lightly damaged.
You constrict the plant.
The ball python bites the plant.
The ball python constricts the plant.
You tentacle-slap the plant. x2
The plant is lightly damaged.
You constrict the plant.
A nearby plant withers and dies.
You lose your grip on the plant.
The ball python bites the plant.
The ball python constricts the plant.
You enter the shallow water.
A nearby plant withers and dies.
The ball python loses its grip on the plant.
You tentacle-slap the ball python but do no damage.
You grab the ball python.
Flame seeps out of the ball python.
You squeeze the ball python.
The ball python is severely wounded.
You constrict the ball python.
The ball python explodes!
The fiery explosion engulfs the plant!!!
The plant begins to die.
The plant is moderately damaged.
The fiery explosion engulfs you!!!
Ouch! That really hurt!
You die...

♣PPPP.#####
♣P~.#)....#
♣PP~P#####.#
♣♣PPP# #.# ♣
♣~PP~####.##
P~≈♣♣~~.~.P..#
.~~~♣♣♣~~~.P.#
#P.~~§§P♣~~~.#
#..P~P○@.PPP##
#.######.####
#.# #.# ..#
###


There were no monsters in sight!

Vanquished Creatures
  4 dart slugs
  2 ball pythons
  2 bats (D:1)
  2 endoplasms (D:1)
  2 giant cockroaches (D:1)
  2 goblins (D:1)
  4 hobgoblins (D:1)
  A kobold (D:1)
  A quokka (D:1)
  A rat (D:1)
21 creatures vanquished.

Notes
Turn   | Place    | Note
-------+----------+-------------------------------------------
     0 | D:1      | HoriaBersec the Octopode Conjurer began the quest for the
                  | Orb.
     0 | D:1      | Reached XP level 1. HP: 11/11 MP: 3/3
   179 | D:1      | Reached XP level 2. HP: 17/17 MP: 1/5
   182 | D:1      | Learned a level 2 spell: Searing Ray
   909 | D:1      | Reached XP level 3. HP: 21/21 MP: 3/6
  1440 | D:2      | Killed by an exploding ball python... ignited by their
                  | inner flame

Illustrated notes

Levels and vault maps discovered:
D:1:      psy_arrival_radial01, layout_basic, solitary_fountain,
          grunt_decor_arrowhead, minmay_door_square
D:2:      layout_basic, serial_shops, nicolae_shop_gaudy_bauble,
          chequers_ecumenical_altar_island, serial_bayou_lagoon_a, uniq_jessica,
          uniq_terence, uniq_sigmund

Action                     || total
---------------------------++-------
  Melee: Unarmed           ||    20
         Tentacles         ||     7
         Constrict         ||     3
         Punch             ||     1
   Cast: Magic Dart        ||    42
         Searing Ray       ||     1
    Use: Scroll            ||     3
 Armour: Skin              ||    11
  Dodge: Dodged            ||    14
